 Dungeon Crawl Stone Soup version 0.28.0-43-g3370ac3207 (webtiles) character file.

Game seed: 7540523620661036956

44 ultragoat the Ruffian (level 3, -13/27 (29) HPs)
             Began as a Draconian Transmuter on Mar 21, 2022.
             Mangled by Crazy Yiuf
             ... wielding a +2 quarterstaff of chaos
              (15 damage)
             ... on level 2 of the Dungeon.
             The game lasted 00:07:35 (1499 turns).

ultragoat the Ruffian (Draconian Transmuter)        Turns: 1499, Time: 00:07:36

HP:   -13/27 (29)   AC:  5    Str: 12    XL:     3   Next: 41%
MP:   6/6           EV: 12    Int: 15    God:
Gold: 48            SH:  0    Dex: 11    Spells: 5/6 levels left

rFire   . . .      SeeInvis .   a - staff of cold
rCold   + . .      Faith    .   (no shield)
rNeg    . . .      Spirit   .   (armour unavailable)
rPois   .          Reflect  .   (helmet currently unavailable)
rElec   .          Harm     .   (no cloak)
rCorr   .          Rampage  .   (no gloves)
Will    .....                   (boots currently unavailable)
Stlth   +.........              (no amulet)
HPRegen 0.09/turn               (no ring)
MPRegen 0.10/turn               (no ring)

@: lethally poisoned (-13 -> -19), appendages (expiring), drained
A: horns 2, talons 2, AC +5, unfitting armour, cold-blooded
a: End Transformation


You were on level 2 of the Dungeon.
You had temporarily grown beastly horns and talons.
You visited 1 branch of the dungeon, and saw 2 of its levels.

You collected 48 gold pieces.

Inventory:

Magical Staves
 a - a staff of cold (weapon)
Scrolls
 c - a scroll of vulnerability {unknown}
Potions
 b - 2 potions of lignification {unknown}
 d - a potion of degeneration {unknown}


   Skills:
 * Level 1.9 Fighting
 + Level 2.2 Dodging
 + Level 3.2 Unarmed Combat
 + Level 2.3 Spellcasting
 + Level 2.5 Transmutations


You had 5 spell levels left.
You knew the following spells:

 Your Spells              Type           Power      Damage    Failure   Level
a - Beastly Appendage     Tmut           18%        N/A       8%          1

Your spell library contained the following spells:

 Spells                   Type           Power      Damage    Failure   Level
 Wereblood                Tmut           9%         N/A       12%         2
 Spider Form              Tmut/Pois      5%         N/A       36%         3
 Ice Form                 Ice/Tmut       8%         N/A       77%         4


Dungeon Overview and Level Annotations

Branches:
Dungeon (2/15)

Altars:

Shops:
D:2 =

Annotations:
D:2 Crazy Yiuf


Innate Abilities, Weirdness & Mutations

You have temporarily grown beastly horns and talons.
Your plain brown scales are hard. (AC +5)
You cannot fit into any form of body armour.
You are cold-blooded and may be slowed by cold attacks.


Message History

You grow a pair of large bovine horns.
Your feet morph into talons.
You open the door. You hit Crazy Yiuf. You claw Crazy Yiuf.
Crazy Yiuf is moderately wounded.
Your transformation is almost over.
Crazy Yiuf barely misses you.
You hit Crazy Yiuf. Your kick misses Crazy Yiuf.
Your tail-slap misses Crazy Yiuf.
Crazy Yiuf is moderately wounded.
Crazy Yiuf says, "Citrus!"
Crazy Yiuf hits you with a +2 quarterstaff of chaos.
Crazy Yiuf freezes you.
You completely miss Crazy Yiuf. You claw Crazy Yiuf.
Crazy Yiuf is heavily wounded.
Crazy Yiuf hits you with a +2 quarterstaff of chaos!
You feel drained.
You barely miss Crazy Yiuf. You headbutt Crazy Yiuf.
Crazy Yiuf is heavily wounded.
Crazy Yiuf hits you with a +2 quarterstaff of chaos.
You closely miss Crazy Yiuf. You claw Crazy Yiuf.
You headbutt Crazy Yiuf, but do no damage.
Crazy Yiuf is severely wounded.
Crazy Yiuf says, "Buddy!
Key ladder sing-song."
Crazy Yiuf closely misses you.
You completely miss Crazy Yiuf.
Crazy Yiuf is severely wounded.
Crazy Yiuf hits you with a +2 quarterstaff of chaos!
* * * LOW HITPOINT WARNING * * *
You feel drained.
* * * LOW HITPOINT WARNING * * *
Crazy Yiuf hits you with a +2 quarterstaff of chaos.
* * * LOW HITPOINT WARNING * * *
You are lethally poisoned!
You hit Crazy Yiuf. Your headbutt misses Crazy Yiuf.
Crazy Yiuf is almost dead.
* * * LOW HITPOINT WARNING * * *
You feel very sick.
Crazy Yiuf hits you with a +2 quarterstaff of chaos!
Ouch! That really hurt!
You die...

####♣♣ ###
##....♣♣ ♣♣#..)#
#......♣♣♣♣@g...#
#.......♣..♣#...#
#.#....♣.♣♣♣ ###
#.###♣♣♣♣♣ #..#
#######.#######
......#.......#
......#.......#
..............#


You could see Crazy Yiuf.

Vanquished Creatures
  A gnoll (D:1)
  3 ball pythons (D:1)
  3 bats (D:1)
  7 endoplasms (D:1)
  2 giant cockroaches (D:1)
  3 hobgoblins (D:1)
  2 jackals (D:2)
  2 frilled lizards
  5 kobolds (D:1)
  2 rats
30 creatures vanquished.

Vanquished Creatures (others)
  A fungus (D:1)
  2 plants (D:1)
3 creatures vanquished.

Grand Total: 33 creatures vanquished

Notes
Turn   | Place    | Note
-------+----------+-------------------------------------------
     0 | D:1      | ultragoat the Draconian Transmuter began the quest for the
                  | Orb.
     0 | D:1      | Reached XP level 1. HP: 16/16 MP: 3/3
   198 | D:1      | Reached XP level 2. HP: 14/23 MP: 3/5
  1048 | D:1      | Reached XP level 3. HP: 27/29 MP: 6/6
  1412 | D:2      | Found Caman's Jewellery Boutique.
  1457 | D:2      | Found a runed translucent door.
  1458 | D:2      | Noticed Crazy Yiuf
  1499 | D:2      | Mangled by Crazy Yiuf

Illustrated notes

Levels and vault maps discovered:
D:1:      wander_arrival_fairy_ring, layout_basic,
          corexii_item_surrounded_by_moat, st_stairs_10
D:2:      layout_rooms, serial_shops, shop_statue,
          hellmonk_ecumenical_altar_watching_god, uniq_sigmund,
          uniq_crazy_yiuf_cottage

Skill      XL: |  1  2 |
---------------+-------+-----
Dodging        | 2 |  2.2
Fighting       | |  1.9
Unarmed Combat | |  3.2
Spellcasting   | |  2.3
Transmutations | |  2.5

Action                   || total
-------------------------++-------
Melee: Unarmed           ||    19
       Staff             ||    90
       Kick              ||    21
       Tailslap          ||    12
       Headbutt          ||     7
       Punch             ||     2
 Cast: Beastly Appendage ||    18
Armor: Skin              ||    49
Dodge: Dodged            ||    90
